 Dungeon Crawl Stone Soup version 0.20.1-1-g8b1a95d (webtiles) character file.

912 Nattfarinn the Covert (level 8, 0/49 HPs)
             Began as a Kobold Assassin on Aug 1, 2017.
             Splashed by Pikel's acid (7 damage)
             ... on level 5 of the Dungeon.
             The game lasted 00:15:52 (5831 turns).

Nattfarinn the Covert (Kobold Assassin)             Turns: 5831, Time: 00:15:53

Health: 0/49       AC:  4    Str:  9    XL:     8   Next: 30%
Magic:  8/8        EV: 18    Int: 12    God:
Gold:   267        SH:  0    Dex: 23    Spells: 7/7 levels left

rFire    . . .     SeeInvis .   b - +0 blowgun
rCold    . . .     Gourm    .   (shield restricted)
rNeg     . . .     Faith    .   c - +0 robe
rPois    .         Spirit   .   (no helmet)
rElec    .         Reflect  .   d - +0 cloak
rCorr    .         Harm     .   (no gloves)
MR       +....                  D - +0 pair of boots
Stlth    +++++.....             (no amulet)
Regen    0.2/turn               C - ring "Miskecw" {MR+ EV+2 Str-2 Dex+4}
MPRegen  0.2/turn               o - +3 ring of strength

@: no status effects
A: carnivore 3
a: no special abilities


You were on level 5 of the Dungeon.
You were full.

You visited 1 branch of the dungeon, and saw 5 of its levels.

You collected 267 gold pieces.

Inventory:

Hand Weapons
 a - a +2 dagger
 b - a +0 blowgun (weapon)
 h - a +2 short sword of speed
Missiles
 e - 64 poisoned needles (quivered)
 f - 2 curare-tipped needles
Armour
 c - a +0 robe (worn)
 d - a +0 cloak (worn)
 r - a +0 scale mail
 D - a +0 pair of boots (worn)
Jewellery
 m - an uncursed ring of protection from magic
 o - a +3 ring of strength (right hand)
 C - the ring "Miskecw" (left hand) {MR+ EV+2 Str-2 Dex+4}
   (You found it on level 4 of the Dungeon)

   [ring of evasion]

   It affects your evasion (+2).
   It affects your strength (-2).
   It affects your dexterity (+4).
   It affects your resistance to hostile enchantments.
Wands
 y - a wand of paralysis (3/24)
 A - a wand of polymorph (9/24)
Scrolls
 i - 2 scrolls of blinking {unknown}
 j - 4 scrolls of teleportation {unknown}
 k - a scroll of fog {unknown}
 l - 3 scrolls of remove curse {unknown}
 s - a scroll of enchant weapon {unknown}
 u - 3 scrolls of identify {unknown}
 v - a scroll of amnesia {unknown}
 w - a scroll of noise {unknown}
 B - a scroll of immolation {unknown}
 F - a scroll of fear {unknown}
Potions
 n - a potion of brilliance {unknown}
 p - 4 potions of heal wounds {unknown}
 q - 2 potions of flight {unknown}
 t - a potion of might {unknown}
 x - 2 potions of curing {unknown}
 z - a potion of degeneration {unknown}
 E - 2 potions of invisibility {unknown}
Comestibles
 g - 4 meat rations


   Skills:
 * Level 5.2 Fighting
 + Level 6.8 Short Blades
 - Level 2.1 Throwing
 + Level 2.8 Dodging
 * Level 9.6 Stealth


You had 7 spell levels left.
You didn't know any spells.

Dungeon Overview and Level Annotations

Branches:
Dungeon (5/15)
 Temple: D:4-7

Altars:
Gozag
Nemelex Xobeh
Sif Muna
Uskayaw

Annotations:
D:5 Pikel


Innate Abilities, Weirdness & Mutations

You are small and have problems with some larger weapons.
You are carnivorous and can eat meat at any time.


Message History

You hit the slave but do no damage.
The slave is almost dead.
You hit the slave.
You kill the slave!
That felt strangely unrewarding.
You see here an animal skin.
You see here an animal skin.
You start resting.
HP restored.
You see here an animal skin.
Pikel is too close now for your liking.
Pikel shouts!
You hear a shout! x3
You barely miss Pikel.
Pikel hits you with a whip of electrocution.
You are electrocuted!
b - a +0 blowgun (weapon)
Pikel zaps a wand.
The bolt of acid hits you!
* * * LOW HITPOINT WARNING * * *
You are splashed with acid!
The acid burns!
You die...

#.#.# #. #.#p### ####
#.#'#. .... #.... # #...
#.. ### #.# .... #.######
#### #...K@.# #..
#########.# #.. #.....# #[#
#.. #.###)###.# #..
#.#.......######## #..
#.##.<...........######..
#..#.###########.#.......
#..#.............'.....†.
####.....#.#.#####.#......#


You could see Pikel.

Vanquished Creatures
  A slave (D:5)
  A phantom (D:4)
  A scorpion (D:4)
  2 howler monkeys
  A crimson imp (D:5)
  A hound (D:4)
  6 orc wizards
  2 centaur skeletons (D:4)
  Terence (D:2)
  5 worker ants
  4 gnolls (D:3)
  9 adders
  3 oozes
  6 worms
  A dart slug (D:1)
  3 leopard geckos
  12 orcs
  2 giant cockroaches
  8 goblins
  13 hobgoblins
  8 jackals
  3 quokkas
  A ball python (D:2)
  11 bats
  10 frilled lizards
  7 kobolds
  11 rats
133 creatures vanquished.

Notes
Turn   | Place    | Note
-------+----------+-------------------------------------------
     0 | D:1      | Nattfarinn the Kobold Assassin began the quest for the Orb.
     0 | D:1      | Reached XP level 1. HP: 12/12 MP: 1/1
   254 | D:1      | Reached XP level 2. HP: 16/18 MP: 2/2
   452 | D:1      | Reached skill level 6 in Stealth
   552 | D:1      | Reached XP level 3. HP: 10/22 MP: 3/3
  1239 | D:2      | Reached XP level 4. HP: 15/27 MP: 4/4
  1483 | D:2      | Noticed Terence
  1665 | D:1      | Reached skill level 7 in Stealth
  2157 | D:2      | Killed Terence
  2157 | D:2      | Reached XP level 5. HP: 32/32 MP: 5/5
  2885 | D:3      | Reached XP level 6. HP: 31/37 MP: 6/6
  3787 | D:3      | Reached skill level 8 in Stealth
  3836 | D:3      | Found a deep blue altar of Sif Muna.
  4324 | D:3      | Reached XP level 7. HP: 23/43 MP: 7/7
  4329 | D:3      | Reached skill level 5 in Short Blades
  4785 | D:4      | Reached skill level 9 in Stealth
  4862 | D:4      | Found a sparkling altar of Nemelex Xobeh.
  5072 | D:4      | Reached XP level 8. HP: 35/48 MP: 8/8
  5181 | D:4      | Got a pitted iron ring
  5183 | D:4      | Identified the ring "Miskecw" {MR+ EV+2 Str-2 Dex+4} (You found it on level 4 of the Dungeon)
  5323 | D:4      | Found a hide-covered altar of Uskayaw.
  5323 | D:4      | Found an opulent altar of Gozag.
  5368 | D:5      | Entered Level 5 of the Dungeon
  5435 | D:5      | Noticed Pikel
  5465 | D:5      | Reached skill level 5 in Fighting
  5831 | D:5      | Splashed by Pikel's acid

Skill      XL: |  1  2  3  4  5  6  7  8 |
---------------+-------------------------+-----
Stealth        | 6 7 8 9 |  9.6
Fighting       | 3 4 5 |  5.2
Short Blades   | 3 4 6 |  6.8
Dodging        | 2 |  2.8
Throwing       | |  2.1

Action                   |  1- 3 |  4- 6 |  7- 9 || total
-------------------------+-------+-------+-------++-------
Melee: Short sword       |    80 |   252 |   131 ||   463
       Dagger            |     5 |       |       ||     5
 Fire: Blowgun           |       |    18 |       ||    18
 Stab: Sleeping          |    17 |     8 |     5 ||    30
       Distracted        |       |       |     4 ||     4
  Eat: Chunk             |     8 |    10 |     3 ||    21
Armor: Robe              |     6 |    44 |     8 ||    58
Dodge: Dodged            |    38 |   166 |    53 ||   257
